 Dungeon Crawl Stone Soup version 0.30.0-17-ge0270778cf (webtiles) character file.

Game seed: 17950264889277910292

196202 Monkooky the Bludgeoner (level 18, -5/136 HPs)
             Began as a Naga Venom Mage on May 16, 2023.
             Was the Champion of Kikubaaqudgha.
             Slain by a merfolk impaler
             ... wielding a +5 demon trident of freezing
              (10 damage)
             ... on level 4 of the Shoals on May 21, 2023.
             The game lasted 02:48:17 (41549 turns).

Monkooky the Bludgeoner (Naga Venom Mage)          Turns: 41549, Time: 02:48:19

Health: -5/136     AC: 38    Str: 12 (13) XL:     18   Next: 36%
Magic:  5/40       EV:  9    Int: 27      God:    Kikubaaqudgha [******]
Gold:   2486       SH:  0    Dex: 12      Spells: 1/36 levels left

rFire   . . .        a - +9 eveningstar (pain)
rCold   . . .        (no shield)
rNeg    . . .        g - +2 robe
rPois   +            j - +2 hat
rElec   .            Q - +2 cloak
rCorr   .            R - +0 pair of gloves
SInv    +            M - +4 barding {Fly}
Will    +++..        I - amulet of regeneration
Stlth   +++          O - ring of magical power
HPRegen 1.22/turn    G - +6 ring of intelligence
MPRegen 0.27/turn

%: no passive effects
@: ice-armoured, about to teleport, death channelling, flying, studying
Necromancy, very slow
A: AC +6, large, see invisible, deformed body, poison resistance, slowness 2,
spit poison 1, naga tail 2, iridescent scales 1, deterioration 1, frail 1,
strong-willed 1
}: 1/15 runes: gossamer
a: Spit Poison, Renounce Religion, Unearth Wretches, Torment


You were on level 4 of the Shoals.
You worshipped Kikubaaqudgha.
Kikubaaqudgha was exalted by your worship.
You visited 5 branches of the dungeon, and saw 27 of its levels.
You also visited: Ossuary and Bailey.

You collected 3403 gold pieces.
You spent 917 gold pieces at shops.

Inventory:

Hand Weapons
 a - a +9 eveningstar of pain (weapon)
 r - a +6 eveningstar of holy wrath
Missiles
 J - 3 curare-tipped darts
 N - 7 throwing nets
Armour
 g - a +2 robe (worn)
 j - a +2 hat (worn)
 M - a +4 barding of flying (worn)
 Q - a +2 cloak (worn)
 R - a +0 pair of gloves (worn)
Magical Staves
 X - a staff of fire
Jewellery
 o - a +5 ring of evasion
 D - a ring of willpower
 G - a +6 ring of intelligence (right hand)
 I - an amulet of regeneration (around neck)
 O - a ring of magical power (left hand)
 P - the ring "Uqus" {*Slow rF+ rN+ rCorr}
   (You found it on level 9 of the Dungeon)

   [ring of positive energy]

   rF:        It protects you from fire.
   rN:        It protects you from negative energy.
   rCorr:     It protects you from acid and corrosion.
   *Slow:     It may slow you when you take damage.
 T - a ring of ice
Wands
 b - a wand of digging (4)
 d - a wand of iceblast (21)
 i - a wand of flame (21)
 x - a wand of mindburst (5)
 y - a wand of light (14)
 B - a wand of polymorph (5)
 Y - a wand of charming (13)
Scrolls
 c - 7 scrolls of teleportation
 h - 2 scrolls of poison
 p - 2 scrolls of identify
 u - 4 scrolls of vulnerability
 v - 4 scrolls of blinking
 w - 3 scrolls of fog
 A - 2 scrolls of torment
 C - 2 scrolls of magic mapping
 E - 3 scrolls of silence
 H - 7 scrolls of fear
 L - 3 scrolls of immolation
 U - 2 scrolls of enchant armour
Potions
 e - 12 potions of curing
 f - 4 potions of heal wounds
 k - 3 potions of lignification
 l - 3 potions of berserk rage
 m - 13 potions of flight
 n - 9 potions of might
 s - a potion of magic
 t - 10 potions of mutation
 z - a potion of cancellation
 F - 4 potions of invisibility
 K - 2 potions of resistance
 S - 6 potions of brilliance
 V - 7 potions of attraction
 W - 5 potions of haste
 Z - 6 potions of ambrosia
Miscellaneous
 q - a phial of floods


   Skills:
 - Level 7.5 Fighting
 - Level 16.0 Maces & Flails
 - Level 5.7 Armour
 - Level 5.0 Dodging
 - Level 7.0 Stealth
 - Level 9.8 Spellcasting
 + Level 14.9 Necromancy
 - Level 6.9 Translocations
 - Level 1.2 Transmutations
 - Level 14.1 Ice Magic
 - Level 9.7 Earth Magic
 - Level 9.6 Poison Magic
 - Level 7.5 Evocations


You had one spell level left.
You knew the following spells:

 Your Spells              Type           Power      Damage    Failure   Level
a - Manifold Assault      Tloc           50%        N/A       2%          4
c - Ozocubu's Armour      Ice            74%        N/A       1%          3
d - Olgreb's Toxic Radia  Pois           60%        N/A       1%          4
e - Borgnjor's Vile Clut  Necr/Erth      34%        N/A       1%          5
f - Simulacrum            Ice/Necr       37%        N/A       1%          6
g - Ozocubu's Refrigerat  Ice            37%        4d15      11%         7
h - Death Channel         Necr           38%        N/A       1%          6

Your spell library contained the following spells:

 Spells                   Type           Power      Damage    Failure   Level
 Freeze                   Ice            100%       1d10      0%          1
 Necrotise                Necr           100%       1d9       0%          1
 Apportation              Tloc           100%       N/A       1%          1
 Kiss of Death            Conj/Necr      100%       2d13      1%          1
 Sandblast                Erth           100%       2d20      1%          1
 Sting                    Tmut/Pois      100%       1d8       1%          1
 Foxfire                  Conj/Fire      52%        2x1d6     4%          1
 Summon Small Mammal      Summ           52%        N/A       4%          1
 Sublimation of Blood     Necr           76%        N/A       0%          2
 Blink                    Tloc           100%       N/A       1%          2
 Cigotuvi's Dreadful Rot  Necr/Pois/Air  100%       N/A       1%          2
 Lesser Beckoning         Tloc           100%       N/A       1%          2
 Momentum Strike          Conj/Tloc      64%        3d9       1%          2
 Passwall                 Tmut/Erth      35%        N/A       1%          2
 Poisonous Vapours        Pois/Air       78%        N/A       1%          2
 Frozen Ramparts          Ice            100%       1d16      1%          3
 Hailstorm                Conj/Ice       51%        3d11      1%          3
 Stone Arrow              Conj/Erth      78%        3d11      1%          3
 Vampiric Draining        Necr           76%        2d11      1%          3
 Anguish                  Hex/Necr       26%        N/A       1%          4
 Animate Dead             Necr           76%        N/A       1%          4
 Agony                    Necr           76%        N/A       1%          5
 Summon Ice Beast         Ice/Summ       51%        N/A       2%          4
 Mephitic Cloud           Conj/Pois/Air  30%        N/A       3%          3
 Petrify                  Tmut/Erth      43%        N/A       4%          4
 Call Imp                 Summ           26%        N/A       7%          2
 Scorch                   Fire           26%        2d6       7%          2
 Metabolic Englaciation   Hex/Ice        25%        N/A       7%          5
 Call Canine Familiar     Summ           13%        N/A       13%         3
 Summon Guardian Golem    Hex/Summ       13%        N/A       13%         3
 Alistair's Intoxication  Tmut/Pois      28%        N/A       13%         5
 Summon Forest            Summ/Tloc      16%        N/A       28%         5
 Flame Wave               Conj/Fire      13%        2d6       41%         4
 Summon Lightning Spire   Summ/Air       13%        N/A       41%         4
 Statue Form              Tmut/Erth      28%        N/A       56%         6
 Eringya's Noxious Bog    Tmut/Pois      21%        N/A       58%         6
 Iron Shot                Conj/Erth      19%        9d4       65%         6
 Fireball                 Conj/Fire      6%         3d5       77%         5
 Iskenderun's Battlesphe  Conj           13%        2d7       77%         5
 Summon Mana Viper        Hex/Summ       13%        N/A       77%         5
 Plasma Beam              Fire/Air       6%         2x1d18    100%        6
 Starburst                Conj/Fire      6%         6d4       100%        6
 Summon Cactus Giant      Summ           6%         N/A       100%        6
 Malign Gateway           Summ/Tloc      16%        N/A       100%        7
 Monstrous Menagerie      Summ           6%         N/A       100%        7
 Spellforged Servitor     Conj/Summ      6%         N/A       100%        7
 Storm Form               Tmut/Air       8%         N/A       100%        7
 Summon Hydra             Summ           6%         N/A       100%        7
 Maxwell's Capacitive Co  Air            6%         ∞         100%        8


Dungeon Overview and Level Annotations

Branches:
Dungeon (12/15)            Temple (0/1) D:7            Lair (5/5) D:9
 Shoals (4/4) Lair:3       Spider (4/4) Lair:3        Slime (0/5) Lair:4
    Orc (2/2) D:9             Elf (0/3) Orc:2       Ossuary (visited)
 Bailey (visited)

Altars:
Ashenzari
Cheibriados
Elyvilon
Gozag
Kikubaaqudgha
Nemelex Xobeh
Okawaru
Vehumet
Wu Jian
Zin
Jiyva
Lugonu

Shops:
D:8 :   D:10 *(   Orc:2 ![((   Shoals:1 :   Shoals:2 (

Portals:
Abyss: Lair:5

Annotations:
Spider:3 exclusion: downstairs


Innate Abilities, Weirdness & Mutations

Your serpentine skin is tough. (AC +6)
You have supernaturally acute eyesight. (SInv)
Armour fits poorly on your strangely shaped body.
Your system is resistant to poisons. (rPois)
You cover ground very slowly.
You can spit poison.
You can use your snake-like lower body to constrict enemies.
You are partially covered in iridescent scales. (AC +2)
Your body sometimes deteriorates upon taking damage.
You are frail. (-10% HP)
You are strong-willed. (Will+)


Message History

Your spectral merfolk impaler is destroyed!
Unknown command.
The frost giant hits your spectral merfolk javelineer with a +0 battleaxe of freezing!!!
The frost giant freezes your spectral merfolk javelineer.
Your spectral merfolk javelineer completely misses the frost giant.
Unknown command.
The frost giant hits your spectral merfolk javelineer with a +0 battleaxe of freezing!!
The frost giant freezes your spectral merfolk javelineer.
Your spectral merfolk javelineer hits the frost giant but does no damage.
The frost giant points at you and mumbles some strange words.
The bolt of cold hits your spectral merfolk javelineer!!
Your spectral merfolk javelineer resists.
Your spectral merfolk javelineer is destroyed!
The bolt of cold hits you!!!
* * * LOW HITPOINT WARNING * * *
Unknown command.
As you read the scroll of teleportation, it crumbles to dust.
You feel strangely unstable.
Unknown command.
Press: ? - help, v - describe, . - travel
Here: a frost giant, wielding a +0 battleaxe of freezing (lightly wounded)
The floor.
Unknown command.
You puncture the frost giant!
The frost giant writhes in agony!
The frost giant is moderately wounded.
You sock the frost giant!
The frost giant is heavily wounded.
The frost giant hits you with a +0 battleaxe of freezing!
* * * LOW HITPOINT WARNING * * *
Your body deteriorates!
You feel weakened. The frost giant freezes you.
* * * LOW HITPOINT WARNING * * *
A merfolk impaler comes into view.
It is wielding a +1 trident of freezing.
You feel much better.
The frost giant gestures at you while chanting.
The bolt of cold hits you!!!
* * * LOW HITPOINT WARNING * * *
The merfolk impaler hits you from afar with a +5 demon trident of freezing!
You die...
Kikubaaqudgha rasps: "You have failed me!
Welcome... death!"

)~~~......~~≈≈≈~.....[.
~~~[.........~)..P.<....
~..##.##.......P........
~####8.###...#......P...
#####.#####..#......P...
###(#†#(####)#)......P.
#...†.....###).P.......
..†..8.....###....#.#.
..8..[..8..#.#..@C#
.....8......##..~#m.~#
...).......#.#P.## ..≈m.
.....8.....###..# #.#.
#.8.....8.## ...# .≈
#####.##### ....~ .
#.#.# .....~ #####
≈≈~...


You could see a frost giant and 2 merfolk impalers.

Vanquished Creatures
  Mara (Shoals:4)
  Nikola (Spider:1)
  2 krakens
  Donald (Spider:2)
  A deep elf sorcerer (Shoals:1)
  Ilsuiw (Shoals:2)
  5 ghost moths
  5 emperor scorpions
  2 broodmothers (Spider:4)
  2 spark wasps
  The ghost of dialectric the Tortoise, a journeyman VSFi of Ru (Lair:5)
  An ettin (Orc:2)
  6 entropy weavers
  6 merfolk impalers
  2 merfolk javelineers (Shoals:4)
  A fire dragon (Lair:3)
  4 hydras
  3 catoblepae
  4 satyrs
  3 merfolk aquamancers
  4 radroaches
  3 two-headed ogres
  2 boulder beetles
  5 orc high priests (Orc:2)
  2 large abominations (Lair:5)
  A thrashing horror (Lair:5)
  The ghost of Esekla the Grave Robber, a novice OpNe of Gozag (Orc:1)
  Urug (D:10)
  2 skysharks
  Nergalle (Lair:1)
  8 pharaoh ants
  3 sun moths
  Lodul (D:12)
  6 sea snakes
  8 orb spiders
  3 deep elf archers (Shoals:1)
  Pikel (D:5)
  2 orc knights
  7 steelbarb worms
  2 deep elf pyromancers (Shoals:1)
  8 harpies
  18 fauns
  2 deep elf zephyrmancers (Shoals:1)
  2 ugly things (Lair:5)
  21 wolf spiders
  6 cyclopes
  An orc sorcerer (Orc:2)
  3 moths of wrath
  8 manticores
  8 elephants (Lair:5)
  Maurice (D:8)
  An ice statue (Lair:3)
  6 black mambas
  12 demonic crawlers
  6 merfolk sirens
  5 water nymphs
  7 torpor snails
  A gargoyle (D:11)
  7 cane toads
  2 kobold demonologists (D:11)
  4 komodo dragons
  2 rime drakes
  A freezing wraith (Lair:3)
  An ancient zyme (Lair:5)
  13 trolls
  A queen bee (shapeshifter) (Lair:5)
  4 polar bears
  A hornet (D:7)
  4 meliai
  21 merfolk
  17 tarantellas
  A snapping turtle (Shoals:1)
  8 dream sheep
  16 blink frogs
  10 slime creatures (D:12)
  A spriggan (Lair:5)
  18 culicivoras
  21 jumping spiders
  2 ynoxinuls (Lair:5)
  2 shadows
  51 yaks
  6 wyverns
  6 water elementals
  A culicivora (shapeshifter) (Lair:5)
  A wraith (D:10)
  13 basilisks
  A chaos spawn (Lair:5)
  2 vampire mosquitoes (D:11)
  A basilisk (shapeshifter) (Lair:5)
  2 steam dragons (D:7)
  50 redbacks
  5 wargs
  An acid dragon (D:11)
  13 water moccasins
  11 ice beasts
  24 orc warriors
  6 black bears
  A hornet zombie (Ossuary)
  3 sky beasts (D:7)
  12 small abominations (Lair:5)
  14 ogres
  13 wolves
  A centaur (D:10)
  A lemure (D:5)
  2 phantoms (D:5)
  8 kobold brigands
  11 bullfrogs
  3 gnoll sergeants
  4 scorpions
  7 wights
  15 killer bees
  2 electric eels
  4 howler monkeys
  A lava snake (Lair:3)
  6 hounds
  26 orc priests
  A sleepcap (D:6)
  5 mummies (Ossuary)
  4 iguanas
  An iguana (shapeshifter) (Lair:5)
  11 orc wizards
  Natasha (thrice) (D:3)
  5 hell rats (Lair:4)
  A howler monkey zombie (Ossuary)
  16 gnolls
  8 adders
  2 white imps
  4 worms
  3 dart slugs
  82 orcs
  10 bats
  7 endoplasms
  2 giant cockroaches
  9 goblins
  10 hobgoblins
  10 jackals
  42 kobolds
  4 quokkas
  3 training dummies (Shoals:2)
  11 ball pythons
  2 frilled lizards (D:1)
  6 rats
  2 butterflies (Lair:1)
  A fire vortex (Orc:2)
  5 tentacles
986 creatures vanquished.

Vanquished Creatures (collateral kills)
  2 emperor scorpions (Spider:4)
  A ghost moth (Spider:4)
  A merfolk impaler (Shoals:3)
  A thrashing horror (Lair:5)
  2 orc high priests (Orc:2)
  A sea snake (Shoals:4)
  2 sun moths (Spider:4)
  2 orb spiders (Spider:4)
  A wolf spider (Spider:3)
  A harpy (Shoals:4)
  An elephant (Lair:5)
  A demonic crawler (Spider:4)
  A merfolk siren (Shoals:3)
  A moth of wrath (Spider:4)
  A komodo dragon (Lair:2)
  A merfolk (Shoals:3)
  A polar bear (Lair:2)
  A tarantella (Spider:4)
  2 culicivoras (Spider:4)
  2 basilisks
  A redback (Spider:4)
  3 wargs (Orc:2)
  An orc warrior (Orc:2)
  An ice beast (Lair:3)
  3 orc priests (Orc:2)
  3 orcs (Orc:2)
38 creatures vanquished.

Vanquished Creatures (others)
  A fire vortex (Lair:3)
  5 tentacles
6 creatures vanquished.

Grand Total: 1030 creatures vanquished

Notes
Turn   | Place    | Note
-------+----------+-------------------------------------------
     0 | D:1      | Monkooky the Naga Venom Mage began the quest for the Orb.
     0 | D:1      | Reached XP level 1. HP: 15/15 MP: 3/3
   190 | D:1      | Reached XP level 2. HP: 22/22 MP: 5/5
   231 | D:1      | Found a faded altar of an unknown god.
   268 | D:1      | Prayed at the altar of an unknown god.
   268 | D:1      | Became a worshipper of Kikubaaqudgha
   268 | D:1      | Reached * piety under Kikubaaqudgha
   268 | D:1      | Received a gift from Kikubaaqudgha
   790 | D:1      | Reached skill level 1 in Ice Magic
   950 | D:1      | Reached XP level 3. HP: 28/28 MP: 6/6
  1130 | D:1      | Learned a level 3 spell: Frozen Ramparts
  1249 | D:2      | Reached XP level 4. HP: 36/36 MP: 3/7
  1253 | D:2      | Learned a level 3 spell: Ozocubu's Armour
  1498 | D:2      | Reached ** piety under Kikubaaqudgha
  1887 | D:3      | Identified the +1 scale mail of Neqoazef {rF+}
  2083 | D:3      | Reached XP level 5. HP: 42/42 MP: 5/8
  2169 | D:3      | Noticed Natasha
  2179 | D:3      | Killed Natasha
  2304 | D:3      | Found an ornate altar of the Wu Jian Council.
  2332 | D:3      | Noticed Natasha
  2334 | D:3      | Killed Natasha
  2342 | D:3      | Noticed Natasha
  2346 | D:3      | Killed Natasha
  2897 | D:4      | Noticed an ogre
  2911 | D:4      | Reached skill level 5 in Ice Magic
  2911 | D:4      | Reached XP level 6. HP: 43/49 MP: 0/9
  3017 | D:4      | Found a sand-covered staircase.
  3023 | D:4      | Reached *** piety under Kikubaaqudgha
  3023 | D:4      | Received a gift from Kikubaaqudgha
  3051 | Ossuary  | Entered an ossuary
  3125 | Ossuary  | Reached XP level 7. HP: 12/55 MP: 6/11
  3162 | Ossuary  | Reached skill level 5 in Poison Magic
  3503 | D:4      | Learned a level 4 spell: Olgreb's Toxic Radiance
  3801 | D:5      | Entered Level 5 of the Dungeon
  3834 | D:5      | Noticed Pikel
  3848 | D:5      | Killed Pikel
  3849 | D:5      | Reached XP level 8. HP: 53/62 MP: 2/12
  4519 | D:5      | Reached skill level 5 in Necromancy
  4607 | D:6      | Upgraded the game from 0.30.0-11-gf55b779eaf to
                  | 0.30.0-13-g156ef70053
  4609 | D:6      | Reached XP level 9. HP: 68/68 MP: 8/13
  4960 | D:6      | Reached **** piety under Kikubaaqudgha
  4976 | D:6      | Reached skill level 1 in Earth Magic
  5361 | D:6      | Learned a level 5 spell: Borgnjor's Vile Clutch
  5907 | D:7      | Found a staircase to the Ecumenical Temple.
  6050 | D:7      | Reached skill level 5 in Earth Magic
  6263 | D:7      | Reached XP level 10. HP: 66/75 MP: 5/16
  6564 | D:7      | Got the Compilation of Might
  6961 | D:7      | Found a radiant altar of Vehumet.
  6962 | D:7      | Found a snail-covered altar of Cheibriados.
  7606 | D:8      | Noticed a two-headed ogre
  7613 | D:8      | Killed a two-headed ogre
  7643 | D:8      | Found Zeahacle's Book Boutique.
  7696 | D:8      | Noticed Maurice
  7719 | D:8      | Killed Maurice
  7747 | D:8      | Found a flagged portal.
  7789 | Bailey   | Entered a bailey
  8442 | D:8      | Reached XP level 11. HP: 69/81 MP: 5/17
  8453 | D:8      | Reached ***** piety under Kikubaaqudgha
  9277 | D:9      | Found a staircase to the Orcish Mines.
  9285 | D:9      | Reached skill level 5 in Spellcasting
  9412 | D:9      | Identified the ring "Uqus" {*Slow rF+ rN+ rCorr}
  9687 | D:9      | Found a staircase to the Lair.
 10212 | D:9      | Learned a level 6 spell: Simulacrum
 10386 | D:10     | Entered Level 10 of the Dungeon
 10390 | D:10     | Noticed Urug
 10413 | Orc:1    | Entered Level 1 of the Orcish Mines
 10519 | Orc:1    | Noticed an orc knight
 10530 | Orc:1    | Killed an orc knight
 10532 | Orc:1    | Reached XP level 12. HP: 18/88 MP: 6/24
 10551 | Orc:1    | Noticed Esekla's ghost (novice OpNe)
 10556 | Orc:1    | Found a runed translucent door.
 10775 | Lair:1   | Entered Level 1 of the Lair of Beasts
 11703 | Lair:1   | Noticed Nergalle
 11710 | Lair:1   | Killed Nergalle
 11854 | Lair:1   | Reached skill level 10 in Ice Magic
 11862 | Lair:1   | Reached ****** piety under Kikubaaqudgha
 12201 | Lair:2   | Noticed an eight-headed hydra
 12212 | Lair:2   | Killed an eight-headed hydra
 12474 | Lair:2   | Reached skill level 10 in Necromancy
 12874 | Lair:2   | Noticed an eight-headed hydra
 12884 | Lair:2   | Killed an eight-headed hydra
 13310 | Lair:3   | Reached skill level 1 in Fighting
 13319 | Lair:3   | Reached skill level 1 in Armour
 13324 | Lair:3   | Reached skill level 1 in Evocations
 13555 | Lair:2   | Upgraded the game from 0.30.0-13-g156ef70053 to
                  | 0.30.0-15-g856e2d3f33
 13906 | Lair:3   | Found a hole to the Spider Nest.
 13920 | Lair:3   | Noticed a catoblepas
 13932 | Lair:3   | Killed a catoblepas
 13933 | Lair:3   | Gained mutation: You can use your snake-like lower body to
                  | constrict enemies. [Naga growth]
 13933 | Lair:3   | Reached XP level 13. HP: 98/98 MP: 15/25
 14092 | Lair:3   | Reached skill level 5 in Evocations
 14720 | Lair:3   | Found a staircase to the Shoals.
 14883 | Lair:3   | Noticed a fire dragon
 14911 | Lair:3   | Killed a fire dragon
 15374 | Lair:3   | Identified the +6 halberd "Hydraslayer" {freeze, rC+}
 15978 | Lair:4   | Found a staircase to the Slime Pits.
 15979 | Lair:4   | Found a viscous altar of Jiyva.
 16653 | Lair:5   | Entered Level 5 of the Lair of Beasts
 17104 | Lair:5   | Reached skill level 5 in Fighting
 17835 | Lair:5   | Reached XP level 14. HP: 68/120 MP: 5/26
 17842 | Lair:5   | HP: 4/121 [large abomination (21)]
 17868 | Lair:5   | Found a corrupted altar of Lugonu.
 17868 | Lair:5   | Found a one-way gate to the infinite horrors of the Abyss.
 18204 | Lair:5   | Found a runed translucent door.
 18212 | Lair:5   | Noticed dialectric's ghost (journeyman VSFi)
 18232 | Lair:5   | Reached skill level 5 in Stealth
 18771 | Lair:5   | Killed dialectric's ghost
 19049 | Lair:5   | Learned a level 7 spell: Ozocubu's Refrigeration
 19609 | Lair:5   | Identified the +0 leather armour "Micocat" {rF++ Will+
                  | Dex+4 Stlth+}
 20635 | Orc:1    | Killed Esekla's ghost
 20773 | Orc:2    | Entered Level 2 of the Orcish Mines
 21607 | Orc:2    | Found Yvih's Antique Weapon Shoppe.
 21607 | Orc:2    | Found Hizuush's Weapon Boutique.
 21772 | Orc:2    | Found a staircase to the Elven Halls.
 21892 | Orc:2    | Found Vuasuth's Armour Boutique.
 21920 | Orc:2    | Found Xosokk's Distillery.
 21935 | Orc:2    | Bought a potion of ambrosia for 112 gold pieces
 21935 | Orc:2    | Bought a potion of haste for 140 gold pieces
 21935 | Orc:2    | Bought a potion of attraction for 42 gold pieces
 22415 | D:10     | Killed Urug
 22436 | D:10     | Gained mutation: You are strong-willed. (Will+) [potion of
                  | mutation]
 22436 | D:10     | Gained mutation: You are frail. (-10% HP) [potion of
                  | mutation]
 22436 | D:10     | Gained mutation: You are partially covered in iridescent
                  | scales. (AC +2) [potion of mutation]
 22443 | D:10     | Identified a +9 eveningstar of pain (a +7 eveningstar
                  | bloodied by Kikubaaqudgha)
 22443 | D:10     | Received a gift from Kikubaaqudgha
 22481 | D:10     | Reached skill level 1 in Maces & Flails
 22617 | D:10     | Identified the +2 scale mail of Mumblety Peg {*Corrode
                  | Str+7 Int+6}
 22663 | D:10     | Found Uleratwi's Antique Weapon Emporium.
 22785 | D:10     | Found Geushrelo's General Store.
 22852 | D:10     | Bought a phial of floods for 520 gold pieces
 23057 | D:10     | Found a sparkling altar of Nemelex Xobeh.
 23057 | D:10     | Found a glowing silver altar of Zin.
 23057 | D:10     | Found an ancient bone altar of Kikubaaqudgha.
 23057 | D:10     | Found a broken altar of Ashenzari.
 23066 | D:10     | Found an iron altar of Okawaru.
 23071 | D:10     | Found an opulent altar of Gozag.
 23117 | D:10     | Bought a scroll of identify for 26 gold pieces
 23117 | D:10     | Bought a scroll of identify for 26 gold pieces
 23485 | D:11     | Reached skill level 2 in Maces & Flails
 23654 | D:11     | Found the +2 Maxwell's thermic engine {flame, freeze, rev}
 23673 | D:11     | Reached XP level 15. HP: 115/115 MP: 27/27
 23718 | D:11     | Reached skill level 3 in Maces & Flails
 24266 | D:11     | Reached skill level 4 in Maces & Flails
 24487 | D:12     | Noticed Lodul
 24493 | D:12     | Killed Lodul
 24604 | D:12     | Reached skill level 5 in Maces & Flails
 24900 | D:12     | Reached skill level 6 in Maces & Flails
 25108 | D:12     | Found a white marble altar of Elyvilon.
 25658 | Spider:1 | Entered Level 1 of the Spider Nest
 25750 | Spider:1 | Noticed an emperor scorpion
 25765 | Spider:1 | Killed an emperor scorpion
 25766 | Spider:1 | Reached skill level 7 in Maces & Flails
 26105 | Spider:1 | Noticed a ghost moth
 26111 | Spider:1 | Killed a ghost moth
 26310 | Spider:1 | Reached skill level 8 in Maces & Flails
 26682 | Spider:1 | Identified the +1 pair of gloves of Nestriunk {rElec Will+
                  | Int-3}
 26682 | Spider:1 | Noticed Nikola
 26702 | Spider:1 | Killed Nikola
 26703 | Spider:1 | Reached skill level 9 in Maces & Flails
 26930 | Spider:1 | Noticed a ghost moth
 26941 | Spider:1 | Killed a ghost moth
 27492 | Spider:2 | Noticed an emperor scorpion
 27780 | Spider:1 | Killed an emperor scorpion
 28001 | Spider:2 | Reached skill level 10 in Maces & Flails
 28056 | Spider:2 | Found a frozen archway.
 28158 | Spider:2 | Gained mutation: Your body sometimes deteriorates upon
                  | taking damage. [mutagenic glow]
 28493 | Spider:2 | Upgraded the game from 0.30.0-15-g856e2d3f33 to
                  | 0.30.0-16-gbe6223bb7e
 28680 | Spider:2 | Reached skill level 11 in Maces & Flails
 29445 | Spider:2 | Noticed a ghost moth
 29460 | Spider:2 | Killed a ghost moth
 29684 | Spider:2 | Reached XP level 16. HP: 121/121 MP: 28/28
 29763 | Spider:2 | Reached skill level 12 in Maces & Flails
 30716 | Spider:2 | Noticed Donald
 30830 | Spider:2 | Killed Donald
 31323 | Spider:3 | Reached skill level 13 in Maces & Flails
 32153 | Spider:3 | Identified the +2 chain mail of Grace {rElec}
 32914 | Spider:4 | Entered Level 4 of the Spider Nest
 32974 | Spider:4 | Reached skill level 14 in Maces & Flails
 33997 | Spider:4 | Reached skill level 15 in Maces & Flails
 34939 | Spider:4 | Reached skill level 16 in Maces & Flails
 35147 | Spider:4 | Reached XP level 17. HP: 127/127 MP: 29/29
 35228 | Spider:4 | Reached skill level 5 in Armour
 35283 | Spider:4 | Got a gossamer rune of Zot
 35983 | Shoals:1 | Entered Level 1 of the Shoals
 36002 | Shoals:1 | Reached skill level 5 in Dodging
 36047 | Shoals:1 | Upgraded the game from 0.30.0-16-gbe6223bb7e to
                  | 0.30.0-17-ge0270778cf
 37077 | Shoals:1 | Found Pyetwao's Self-Improvement Boutique.
 37324 | Shoals:1 | Learned a level 6 spell: Death Channel
 37695 | Shoals:2 | Found Muximn's Firing Range.
 37850 | Shoals:2 | Noticed Ilsuiw
 37940 | Shoals:2 | Killed Ilsuiw
 38088 | Shoals:2 | Bought a throwing net for 51 gold pieces
 38238 | Shoals:2 | Noticed a kraken
 38249 | Shoals:2 | Killed a kraken
 38333 | Shoals:2 | Reached skill level 1 in Translocations
 38878 | Shoals:2 | Learned a level 4 spell: Manifold Assault
 39564 | Shoals:3 | Reached skill level 5 in Translocations
 39569 | Shoals:3 | Reached XP level 18. HP: 102/136 MP: 1/31
 39714 | Shoals:3 | Identified the +8 rapier of Mofouzua {drain, rElec rN+
                  | Dex+4}
 40974 | Shoals:4 | Entered Level 4 of the Shoals
 40974 | Shoals:4 | Noticed Mara
 40986 | Shoals:4 | Killed Mara
 41549 | Shoals:4 | HP: 5/136 [frost giant/bolt of cold (45)]
 41549 | Shoals:4 | Slain by a merfolk impaler

Illustrated notes

Levels and vault maps discovered:
D:1:      tarquinn_simple_flora_water_e, layout_basic,
          chequers_ecumenical_altar_twisty
D:2:      layout_rooms, hangedman_abyss_or_decor_lesser_grid,
          kennysheep_generic_room_14
D:3:      layout_loops_corners, mainiacjoe_overflow_alcove_1, fountainhead,
          uniq_natasha
D:4:      layout_rooms, nicolae_ossuary_entry_monument
D:5:      nicolae_cairo_tiling, layout_rooms, uniq_pikel
D:6:      layout_loops_corners
D:7:      layout_basic, gammafunk_temple_overflow_pools,
          minmay_temple_entry_sparse_star
D:8:      layout_basic, enter_bailey_6, serial_shops, nicolae_diamond_shop,
          grunt_ogre_cave, uniq_maurice
D:9:      layout_small_grid, minmay_lair_entry_grove,
          kennysheep_orc_monster_closet_entryway, kennysheep_generic_room_9
D:10:     layout_cave_pools, minmay_overflow_temple_hex, serial_shops,
          nicolae_shop_tiny_glass, shop, uniq_urug
D:11:     nicolae_BIG_FREAKIN_CUBE, layout_loops_ring, evilmike_butchery
D:12:     layout_roguey, nicolae_elyvilon_temple_path, uniq_lodul, uniq_kirke
Lair:1:   layout_concentric_octagons, eino_small_chamber_without_monster,
          grunt_megastairs_1, lemuel_fruit_fields, serial_bayou_shore_b,
          uniq_nergalle
Lair:2:   layout_chaotic_city, chequers_serial_rivers_micro_a
Lair:3:   dragon1_lemuel, layout_chaotic_city, shoals_dummy_entry,
          spider_nest_entry_webs, ice2_lemuel, serial_bayou_shore_b,
          lemuel_fruit_tree
Lair:4:   layout_small_grid, slime_entry_1, grunt_megastairs_4,
          infiniplex_staircase_pool_2
Lair:5:   hellmonk_lair_end_abyssal_woods, layout_regular_city,
          ebering_ghost_reflecting_pool, grunt_megastairs_2,
          serial_bayou_shore_a
Shoals:1: nicolae_shoals_deep_elves_summer_vacation, layout_shoals,
          nicolae_shop_self_help
Shoals:2: layout_shoals, nicolae_shop_firing_range, uniq_ilsuiw
Shoals:3: layout_shoals
Shoals:4: shoals_end_grunt_ice, layout_shoals, argonaut_gorgonesque, uniq_mara
Spider:1: layout_spider_delve, uniq_nikola
Spider:2: layout_spider_delve, portal_ice_cave_entry_pillars_three,
          nicolae_spider_jagged_tunnels, uniq_donald
Spider:3: layout_chambers
Spider:4: grunt_spider_rune_island, nicolae_spider_shape
Orc:1:    layout_caves, basic_altar, hellmonk_ghost_happy_afterlife
Orc:2:    st_orc_town, layout_diamond_mine, nicolae_orc_lava_tube

Skill      XL: |  1  2  3  4  5  6  7  8  9 10 11 12 13 14 15 16 17 18 |
---------------+-------------------------------------------------------+-----
Ice Magic      | 1 2 3 5 7 10 14 | 14.1
Poison Magic   | 9 |  9.6
Spellcasting   | 3 4 8 9 |  9.8
Necromancy     | 5 7 9 10 12 14 | 14.9
Earth Magic    | 5 9 |  9.7
Fighting       | 1 6 7 |  7.5
Armour         | 1 3 4 5 |  5.7
Evocations     | 4 7 |  7.5
Dodging        | 3 4 5 |  5.0
Stealth        | 7 |  7.0
Maces & Flails | 2 11 16 | 16.0
Translocations | 5 6 |  6.9
Transmutations | |  1.2

Action                     |  1- 3 |  4- 6 |  7- 9 | 10-12 | 13-15 | 16-18 || total
---------------------------+-------+-------+-------+-------+-------+-------++-------
  Melee: Unarmed           |    20 |    14 |       |       |       |       ||    34
         Dagger            |     3 |    35 |       |       |       |       ||    38
         Whip              |       |    41 |   131 |   265 |   260 |       ||   697
         Punch             |       |     2 |     3 |     3 |     7 |     6 ||    21
         Constrict         |       |       |       |       |   115 |    79 ||   194
         Staff             |       |       |       |       |    90 |       ||    90
         Eveningstar       |       |       |       |       |   263 |   506 ||   769
  Throw: Dart              |       |       |       |     1 |     2 |       ||     3
         Boomerang         |       |       |       |       |     2 |       ||     2
   Cast: Sting             |    17 |    26 |     5 |       |       |       ||    48
         Frozen Ramparts   |     2 |     7 |    24 |    29 |    38 |    12 ||   112
         Ozocubu's Armour  |       |     5 |    15 |    29 |    71 |    56 ||   176
         Olgreb's Toxic Ra |       |       |     9 |    55 |   123 |    96 ||   283
         Borgnjor's Vile C |       |       |       |    35 |    46 |     6 ||    87
         Simulacrum        |       |       |       |     2 |    10 |     5 ||    17
         Ozocubu's Refrige |       |       |       |       |    37 |    64 ||   101
         Manifold Assault  |       |       |       |       |       |    85 ||    85
         Death Channel     |       |       |       |       |       |     4 ||     4
 Invoke: Brand Weapon With |       |       |       |       |     1 |       ||     1
Ability: Spit Poison       |    28 |    49 |    41 |    64 |    87 |    78 ||   347
  Evoke: Wand              |       |       |     2 |     9 |    13 |    14 ||    38
         Phial of floods   |       |       |       |       |     1 |       ||     1
    Use: Scroll            |       |     5 |     4 |     9 |    16 |     7 ||    41
         Potion            |       |     1 |     3 |     1 |     5 |     2 ||    12
   Stab: Sleeping          |       |       |     1 |       |     2 |     1 ||     4
         Distracted        |       |       |       |       |     2 |       ||     2
         Invisible         |       |       |       |       |       |     2 ||     2
 Armour: Robe              |     5 |    67 |   112 |   288 |   688 |   492 ||  1652
         Skin              |       |    22 |     1 |       |       |       ||    23
  Dodge: Dodged            |    21 |    45 |    62 |   159 |   345 |   255 ||   887
